 Dungeon Crawl Stone Soup version 0.29.1-15-g9cfb28693d (webtiles) character file.

Game seed: 7452930653294509125

41 erowe747 the Slasher (level 3, -4/29 HPs)
             Began as a Human Berserker on Feb 24, 2023.
             Was a Believer of Trog.
             Slain by an iguana (8 damage)
             ... on level 3 of the Dungeon on Feb 25, 2023.
             The game lasted 00:17:04 (1668 turns).

erowe747 the Slasher (Human Berserker)              Turns: 1668, Time: 00:17:04

Health: -4/29      AC:  8    Str: 19    XL:     3   Next: 75%
Magic:  3/3        EV:  8    Int:  7    God:    Trog [**....]
Gold:   137        SH:  0    Dex: 12    Spells: 2/2 levels left

rFire   . . .      SeeInvis .   a - +1 falchion (vamp)
rCold   . . .      Faith    .   k - orb {light}
rNeg    . . .      Spirit   .   e - +0 chain mail
rPois   .          Reflect  .   (no helmet)
rElec   .          Harm     .   (no cloak)
rCorr   .          Rampage  .   (no gloves)
Will    .....                   (no boots)
Stlth   ..........              (no amulet)
HPRegen 0.09/turn               (no ring)
MPRegen 0.08/turn               (no ring)

@: glowing
A: no striking features
a: Renounce Religion, Berserk, Trog's Hand


You were on level 3 of the Dungeon.
You worshipped Trog.
Trog was pleased with you.
You visited 1 branch of the dungeon, and saw 3 of its levels.

You collected 137 gold pieces.

Inventory:

Hand Weapons
 a - a +1 vampiric falchion (weapon)
 l - a +0 sling
 o - a +0 arbalest
Missiles
 m - 18 stones (quivered)
Armour
 b - a +0 animal skin
 e - a +0 chain mail (worn)
 g - a +0 scale mail
 h - a +0 ring mail
 k - an orb of light (worn)
Magical Staves
 c - a staff of cold
Scrolls
 i - a scroll of blinking
 j - 2 scrolls of teleportation
Potions
 d - 2 potions of mutation {unknown}
 f - 3 potions of flight
 n - 2 potions of brilliance {unknown}


   Skills:
 + Level 3.5 Fighting
 + Level 3.6 Long Blades
 + Level 2.2 Armour
 + Level 2.2 Dodging


You had 2 spell levels left.
You didn't know any spells.
Your spell library contained the following spells:

 Spells                   Type           Power      Damage    Failure   Level
 Leda's Liquefaction      Hex/Erth       0%         N/A       100%        4
 Lee's Rapid Deconstruct  Erth           0%         3d5*      100%        5
 Statue Form              Tmut/Erth      0%         N/A       100%        6


Dungeon Overview and Level Annotations

Branches:
Dungeon (3/15)

Altars:
Kikubaaqudgha


Message History

There is a stone staircase leading up here.
You climb upwards.
There is a stone staircase leading down here.
There is a stone staircase leading down here.
You climb downwards.
There is a stone staircase leading up here.
You hit the kobold.
You feel better.
The kobold is severely wounded.
The kobold drinks a potion.
The kobold is healed!
You hit the kobold.
The kobold is moderately wounded.
The kobold barely misses you. The kobold completely misses you.
You hit the kobold.
You feel better.
The kobold is severely wounded.
The kobold barely misses you.
You hit the kobold.
You feel better.
You kill the kobold!
Trog accepts your kill.
Found a mace.
Found 17 gold pieces.
You now have 137 gold pieces (gained 17).
Found a stone staircase leading down.
Found a stone staircase leading down.
A ball python comes into view.
The ball python moves out of view.
An iguana comes into view.
The iguana hisses angrily.
You hear an angry hiss.
The iguana bites you!
You slash the ball python!
You kill the ball python!
Trog accepts your kill. The iguana barely misses you.
You hit the iguana but do no damage.
The iguana hisses menacingly.
The iguana bites you but does no damage.
You hit the iguana but do no damage. The iguana bites you!
* * * LOW HITPOINT WARNING * * *
You barely miss the iguana. The iguana closely misses you.
You hit the iguana but do no damage. The iguana bites you!
You die...

#######............#
#............#
####............#
#....##########.# ##
#....# #.##
...##>...# #..#
.........# #..##
#.##....+ #..## #
#.@..# #..## #l†..#
#..## ......# #..##
#..#.####
#######..## #..#.
#........## #. #.
#.######.## # #.
#........ #.
#.#........
...........


You could see an iguana.

Vanquished Creatures
  A dart slug (D:1)
  A bat (D:1)
  3 endoplasms (D:1)
  2 giant cockroaches (D:1)
  A hobgoblin (D:1)
  4 jackals (D:2)
  2 quokkas (D:1)
  6 ball pythons
  4 frilled lizards
  5 goblins (D:1)
  3 kobolds
  4 rats
36 creatures vanquished.

Notes
Turn   | Place    | Note
-------+----------+-------------------------------------------
     0 | D:1      | erowe747 the Human Berserker began the quest for the Orb.
     0 | D:1      | Reached XP level 1. HP: 18/18 MP: 1/1
    12 | D:1      | Found a faded altar of an unknown god.
   158 | D:1      | Reached XP level 2. HP: 12/24 MP: 2/2
   574 | D:2      | Found an ancient bone altar of Kikubaaqudgha.
   601 | D:2      | Reached XP level 3. HP: 27/29 MP: 3/3
  1255 | D:1      | Reached ** piety under Trog
  1668 | D:3      | Slain by an iguana

Illustrated notes

Levels and vault maps discovered:
D:1:      dpeg_arrival_rhombus, layout_basic,
          shapermc_ecumenical_altar_mp_highgroup, minmay_misc_feat_iff,
          hangedman_abyss_or_decor_lesser_grid, chequers_arboretum,
          grunt_decor_clamped
D:2:      layout_loops_ring, basic_altar
D:3:      layout_basic

Action                   || total
-------------------------++-------
Melee: Falchion          ||   112
       Punch             ||     2
  Use: Scroll            ||     7
Armor: Chain mail        ||    64
Dodge: Dodged            ||    55
